cohdb
Replays
Latest Replays
All Replays
Popular Replays
Top Player Replays
Match Explorer
How It Works
Community
CoH3 Stats
Reddit
Sign in to upload your games and track your stats! →
Sign in with Steam
Match 44773928
Unlisted
Match 44773928
Overview
Messages
Build Orders
End
Construct Barracks
Selects Special Operations Battlegroup
Selects M29 Weasel Recon Vehicle
Riflemen Squad
Riflemen Squad
Engineer Squad
Infantry Support Center
M1918 Browning Automatic Rifles
Construct Medical Station
Grenade Package
Selects Mark Vehicle
Selects UNKNOWN (2162291)
Construct Weapon Support Center
Selects Raiding Flares
Riflemen Squad
Construct Motor Pool
Construct Tank Depot
Raiding Flares
Riflemen Squad
Selects SSF Commando Squad
M4A1 Sherman Whizbang
Raiding Flares
M4A1 Sherman Whizbang
SSF Commando Squad
Raiding Flares
SSF Commando Squad
.30 cal Machine Gun
Raiding Flares
Improved M9 Bazooka Rockets
.30 cal Machine Gun
Selects Assault Operation
M4A1 Sherman Whizbang
Raiding Flares
Tito (D)
Serial Chiller
Rangorn GI Wok
Lacoön
Shelby
markghez
DELIUKE
钢七连
0
0
Comments
sign in to comment!
No comments posted yet!